 Dungeon Crawl Stone Soup version 0.22.1-6-g1668fe2c40 (webtiles) character file.

58198 BushDid911 the Protected (level 14, -4/110 HPs)
             Began as a Demonspawn Gladiator on Jan 19, 2019.
             Killed from afar by a raiju (10 damage)
             ... with a living lightning
             ... on level 2 of the Abyss.
             The game lasted 00:45:41 (18199 turns).

BushDid911 the Protected (Demonspawn Gladiator)    Turns: 18199, Time: 00:45:42

Health: -4/110     AC: 42    Str: 18    XL:     14   Next: 48%
Magic:  0/24       EV:  7    Int: 10    God:
Gold:   422        SH:  9    Dex: 16    Spells: 20/26 levels left

rFire    . . .     SeeInvis .   a - +3 eveningstar (drain)
rCold    . . .     Gourm    .   h - +3 warlock's mirror {reflect}
rNeg     + . .     Faith    .   I - +3 crystal plate armour
rPois    .         Spirit   +   c - +2 helmet
rElec    .         Reflect  +   o - scarf {Spirit}
rCorr    +         Harm     .   (no gloves)
MR       +....                  G - +2 pair of boots
Stlth    ..........             j - amulet of the acrobat
HPRegen  0.28/turn              D - +3 ring of protection
MPRegen  0.19/turn              M - ring of resist corrosion

@: sanguine armour, drained
A: claws 2, demonic guardian 2, negative energy resistance 1, powered by death
2, sanguine armour 2
a: no special abilities


You were on level 2 of the Abyss.
You were hungry.

You visited 3 branches of the dungeon, and saw 19 of its levels.
You visited the Abyss 1 time.
You also visited: Sewer.

You collected 1097 gold pieces.
You spent 675 gold pieces at shops.

Inventory:

Hand Weapons
 a - a +3 eveningstar of draining (weapon)
 R - a +1 demon blade of flaming
Missiles
 d - 3 throwing nets (quivered)
 L - 13 tomahawks of returning
Armour
 c - a +2 helmet (worn)
 g - a scarf of resistance
 h - the +3 warlock's mirror (worn) {reflect}
   (You acquired it on level 11 of the Dungeon)
 o - a scarf of spirit shield (worn)
 G - a +2 pair of boots (worn)
 I - a +3 crystal plate armour (worn)
Magical Staves
 b - an uncursed staff of wizardry
Jewellery
 j - an amulet of the acrobat (around neck)
 n - an uncursed ring of protection from magic
 u - an uncursed ring of stealth
 D - a +3 ring of protection (left claw)
 M - a ring of resist corrosion (right claw)
Wands
 q - a wand of polymorph (21)
 t - a wand of iceblast (10)
 w - a wand of digging (14)
 C - a wand of flame (36)
 E - a wand of acid (9)
 F - a wand of random effects (21)
Scrolls
 e - 3 scrolls of fog
 l - 14 scrolls of teleportation
 m - 8 scrolls of blinking
 s - a scroll of immolation
 v - a scroll of magic mapping
 x - 7 scrolls of remove curse
 y - 5 scrolls of amnesia
 z - 13 scrolls of identify
 J - a scroll of enchant weapon
Potions
 i - 10 potions of curing
 k - a potion of resistance
 p - a potion of haste
 r - a potion of cancellation
 A - a potion of might
 B - 2 potions of agility
 H - a potion of ambrosia
 K - 2 potions of berserk rage {unknown}
 N - a potion of invisibility {unknown}
 O - 2 potions of lignification {unknown}
 P - a potion of brilliance
Comestibles
 f - 35 rations


   Skills:
 + Level 10.0(9.9) Fighting
 + Level 6.7(7.1) Maces & Flails
   Level 5.0(5.5) Polearms
 - Level 3.7(6.5) Staves
   Level 2.6(3.1) Slings
 - Level 2.5(3.1) Throwing
 * Level 10.9 Armour
 + Level 9.9 Dodging
 * Level 9.0 Shields
 + Level 6.9 Spellcasting
 + Level 6.5(6.4) Hexes


You had 20 spell levels left.
You knew the following spells:

 Your Spells              Type           Power        Failure   Level  Hunger
a - Confuse               Hex            ###.....     99%         3    ###....
b - Apportation           Tloc           #.....       100%        1    None
c - Confusing Touch       Hex            ###...       88%         1    None
d - Summon Small Mammal   Summ           #...         100%        1    None

Your spell library contained the following spells:

 Spells                   Type           Power        Failure   Level  Hunger
 Corona                   Hex            ###....      88%         1    None
 Tukima's Dance           Hex            ###.....     99%         3    ###....
 Animate Skeleton         Necr           N/A          100%        1    None
 Ensorcelled Hibernation  Hex/Ice        #.....       100%        2    ##.....
 Poisonous Vapours        Pois/Air       #.....       100%        2    ##.....
 Conjure Flame            Conj/Fire      #.......     100%        3    ###....
 Dazzling Spray           Conj/Hex       #.....       100%        3    ###....
 Gell's Gravitas          Tloc           #.........   100%        3    ###....
 Mephitic Cloud           Conj/Pois/Air  #.......     100%        3    ###....
 Petrify                  Tmut/Erth      #.......     100%        4    ####...
 Metabolic Englaciation   Hex/Ice        #.........   100%        5    ######.
 Yara's Violent Unravell  Hex/Tmut       #.........   100%        5    ######.
 Freezing Cloud           Conj/Ice/Air   #.........   100%        6    #######
 Ring of Flames           Chrm/Fire      #.........   100%        7    #######


Dungeon Overview and Level Annotations

Branches:
Dungeon (15/15)            Temple (1/1) D:4            Lair (3/6) D:11
  Snake (0/4) Lair:3          Orc (0/2) D:10         Vaults (0/5) D:14
 Depths (0/5) D:15
  Swamp: Lair:2-4    Shoals: Lair:2-4

Altars:
Ashenzari
Cheibriados
Dithmenos
Elyvilon
Fedhas
Gozag
Hepliaklqana
Kikubaaqudgha
Makhleb
Nemelex Xobeh
Okawaru
Qazlal
Ru
Sif Muna
Trog
Uskayaw
Vehumet
Wu Jian
Xom
Yredelemnul
Zin
The Shining One
Lugonu

Shops:
D:4 [   D:9 }(%=   D:14 *

Annotations:
D:4 super chainmail 880gold
D:9 +7 great sword speed good rings
D:10 1 runed door
Lair:2 3 runed doors, Gargoyl's ghost, journeyman CeAK
Lair:3 1 transporter, Sonja


Innate Abilities, Weirdness & Mutations

You have very sharp fingernails.
A demonic guardian rushes to your aid.
You resist negative energy. (rN+)
You regenerate health from kills.
When seriously injured, your bleeding wounds create thick armour. (AC +9)


Message History

You see here 18 gold pieces.
You closely miss the raiju.
The raiju bursts into living lightning!
Your +3 warlock's mirror {reflect} reflects the living lightning!
The living lightning hits you!
* * * LOW HITPOINT WARNING * * *
The raiju blinks! x2
The raiju bursts into living lightning!
Your +3 warlock's mirror {reflect} reflects the living lightning!
The living lightning misses you.
The raiju blinks!
You puncture the raiju!
The raiju is heavily wounded.
The raiju barely misses you.
You puncture the raiju!
The raiju is almost dead.
The raiju bursts into living lightning!
The living lightning hits you!
* * * LOW HITPOINT WARNING * * *
The living lightning hits you!
You die...

.## # . . # # .# .
## ####. # # . # .
#.###.#.# #.# . [
)..........# .§ . ..
...........##.#....
. .
.........##......# .
# .....# .#...†h##..
...# # ..
.#...[.#@####..##
.#.##.#.........#...
# # ###..###..#.....
#.# #... ...... ##
#. ...#h. #....# .
.###.... .##..# .
.#..#.# ##. .. ..##.
. ## ... #


You could see a raiju.

Vanquished Creatures
  Gastronok (D:12)
  Agnes (D:15)
  Erolcha (D:10)
  Josephine (D:13)
  4 vault guards (D:14)
  5 hydras
  4 centaur warriors
  A death knight (D:13)
  A vampire mage (Abyss:2)
  4 two-headed ogres
  A skeletal warrior (D:15)
  Pikel (D:5)
  A phantasmal warrior (D:15)
  A wolf spider zombie (D:14)
  3 cyclopes
  2 oklob plants (Lair:2)
  An orc sorcerer (Abyss:2)
  A deep elf mage (D:15)
  2 black mambas
  3 centaur zombies
  2 spiny frogs
  A kobold demonologist (D:14)
  2 komodo dragons (Lair:2)
  A yaktaur (shapeshifter) (D:14)
  3 efreet
  A queen bee (shapeshifter) (D:11)
  A hornet (D:15)
  3 trolls
  Prince Ribbit (Lair:2)
  3 blink frogs (Lair:2)
  2 raiju (Abyss:2)
  8 hippogriffs
  A meliai zombie (D:12)
  A shadow (D:14)
  3 wraiths
  A hungry ghost (D:15)
  2 basilisks
  A wyvern (Lair:2)
  A yak (D:8)
  2 steam dragons
  2 soldier ants (D:11)
  2 nagas (Lair:3)
  3 water moccasins
  2 porcupines (Lair:2)
  4 orc warriors
  2 sky beasts
  A black bear (D:9)
  An ice beast (D:10)
  A necrophage (D:7)
  5 ogres
  2 boggarts (D:15)
  3 phantoms
  6 wolves (Lair:3)
  13 centaurs
  3 crocodiles
  3 big kobolds
  9 bullfrogs
  A wyvern zombie (D:7)
  2 gnoll sergeants
  2 wyvern skeletons
  3 scorpions
  3 howler monkeys (D:14)
  10 crimson imps
  A bullfrog zombie (D:5)
  4 jellies
  11 orc priests
  3 hounds
  7 orc wizards
  3 centaur skeletons
  8 iguanas
  10 worker ants
  A hound zombie (D:11)
  A hound skeleton (D:8)
  3 worker ant zombies
  14 gnolls
  13 adders
  A river rat (D:3)
  2 shadow imps
  An ooze (D:2)
  2 adder zombies
  3 worms
  4 dart slugs
  5 leopard geckos
  45 orcs
  7 giant cockroaches
  13 goblins
  8 hobgoblins
  6 jackals
  10 quokkas
  3 ball pythons
  10 bats
  7 frilled lizards
  17 kobolds
  A leopard gecko skeleton (D:4)
  2 quokka zombies
  7 rats
  2 bushes (Lair:2)
  A plant (Lair:2)
398 creatures vanquished.

Vanquished Creatures (collateral kills)
  3 hydras
  3 two-headed ogres
  Urug (D:12)
  A skeletal warrior (D:15)
  A spark wasp zombie (D:15)
  A necromancer (D:15)
  2 cyclopes
  A sphinx skeleton (D:15)
  An ugly thing (D:11)
  A centaur zombie (D:11)
  A black mamba (Lair:2)
  Psyche (D:9)
  A gargoyle (D:10)
  2 centaur skeletons (D:14)
  A yaktaur skeleton (D:15)
  A komodo dragon (Lair:2)
  A spriggan skeleton (D:15)
  2 trolls (D:13)
  2 hornets
  A raiju (Abyss:2)
  2 dream sheep (D:8)
  Sigmund (D:6)
  4 yaks
  4 wraiths (D:13)
  A basilisk (Lair:1)
  A steam dragon (D:13)
  Duvessa (D:6)
  2 orc warriors
  Purgy (Sewer)
  An ice beast (D:9)
  2 slaves (D:5)
  2 boggarts (D:15)
  2 ogres
  2 centaurs
  A crocodile (Lair:2)
  3 big kobolds (D:8)
  A gnoll sergeant (D:7)
  4 bullfrogs
  Dowan (D:6)
  A water moccasin skeleton (D:9)
  10 killer bees
  2 howler monkeys (D:14)
  A bullfrog zombie (D:12)
  A crimson imp (D:9)
  3 orc priests
  4 orc wizards
  An iguana (D:5)
  2 worker ants (D:14)
  2 gnolls (D:7)
  3 adders
  2 shadow imps
  3 orcs
  2 jackals
  A kobold (D:12)
102 creatures vanquished.

Vanquished Creatures (others)
  A boggart (D:15)
  A centaur (D:14)
  A howler monkey (D:14)
  A shadow imp (D:15)
  An orc (D:5)
  3 fungi
  3 plants
11 creatures vanquished.

Grand Total: 511 creatures vanquished

Notes
Turn   | Place    | Note
-------+----------+-------------------------------------------
     0 | D:1      | BushDid911 the Demonspawn Gladiator began the quest for the
                  | Orb.
     0 | D:1      | Reached XP level 1. HP: 16/16 MP: 1/1
   158 | D:1      | Gained mutation: You have sharp fingernails. [demonic
                  | ancestry]
   158 | D:1      | Reached XP level 2. HP: 16/22 MP: 2/2
   581 | D:1      | Gained mutation: A weak demonic guardian rushes to your
                  | aid. [demonic ancestry]
   581 | D:1      | Reached XP level 3. HP: 24/28 MP: 3/3
  1649 | D:2      | Reached XP level 4. HP: 28/34 MP: 4/4
  2039 | D:2      | Found a sparkling altar of Nemelex Xobeh.
  2263 | D:3      | Found a glowing drain.
  2277 | Sewer    | Entered a sewer
  2592 | Sewer    | Noticed Purgy
  2601 | Sewer    | Killed Purgy
  2601 | Sewer    | Reached XP level 5. HP: 31/41 MP: 5/5
  2944 | D:3      | Found a faded altar of an unknown god.
  2994 | D:3      | Found a sacrificial altar of Ru.
  2994 | D:3      | Found a bloodstained altar of Trog.
  3160 | D:3      | Gained mutation: You regenerate a little health from kills.
                  | [demonic ancestry]
  3160 | D:3      | Reached XP level 6. HP: 48/48 MP: 7/7
  3168 | D:3      | Found an ornate altar of the Wu Jian Council.
  3672 | D:4      | Reached skill level 1 in Armour
  3672 | D:4      | Reached skill level 1 in Spellcasting
  3692 | D:4      | HP: 1/49 [orc priest/divine providence (11)]
  3945 | D:4      | Gained mutation: A demonic guardian rushes to your aid.
                  | [demonic ancestry]
  3945 | D:4      | Reached XP level 7. HP: 55/55 MP: 9/9
  3969 | D:4      | Found a white marble altar of Elyvilon.
  4126 | D:4      | Found a staircase to the Ecumenical Temple.
  4198 | D:4      | Found Mugaso's Armour Shoppe.
  4329 | Temple   | Entered the Ecumenical Temple
  4456 | D:5      | Entered Level 5 of the Dungeon
  4664 | D:5      | Found a burning altar of Makhleb.
  4680 | D:5      | Noticed Pikel
  4684 | D:5      | Reached skill level 5 in Fighting
  4686 | D:5      | Reached skill level 1 in Slings
  4703 | D:5      | Killed Pikel
  4703 | D:5      | Reached skill level 1 in Maces & Flails
  4703 | D:5      | Gained mutation: You have very sharp fingernails. [demonic
                  | ancestry]
  4703 | D:5      | Reached XP level 8. HP: 14/64 MP: 9/11
  4802 | D:5      | Got a heavily runed scale mail
  4813 | D:5      | Identified the +5 scale mail "Fulyblun" {*Slow rC+ Str+3
                  | Stlth+} (You found it on level 5 of the Dungeon)
  5353 | D:6      | Noticed Duvessa
  5353 | D:6      | Noticed Dowan
  5361 | D:6      | Killed Dowan
  5364 | D:6      | Killed Duvessa
  5618 | D:6      | Noticed Sigmund
  5623 | D:6      | Killed Sigmund
  5623 | D:6      | Reached skill level 5 in Dodging
  5955 | D:6      | Reached skill level 1 in Polearms
  6123 | D:7      | Found a shattered altar of Ashenzari.
  6322 | D:7      | Gained mutation: You regenerate health from kills. [demonic
                  | ancestry]
  6322 | D:7      | Reached XP level 9. HP: 19/71 MP: 13/13
  6385 | D:7      | HP: 1/71 [bullfrog (5)]
  6697 | D:7      | Found a shimmering altar of Xom.
  6697 | D:7      | Found a blossoming altar of Fedhas.
  7844 | D:8      | Paralysed by a hornet for 1 turns
  7867 | D:8      | Reached skill level 5 in Armour
  7890 | D:8      | Noticed a two-headed hydra
  7895 | D:8      | Killed a one-headed hydra
  7896 | D:8      | Reached XP level 10. HP: 45/79 MP: 14/14
  7976 | D:8      | Found a glowing silver altar of Zin.
  8325 | D:8      | Learned a level 1 spell: Summon Small Mammal
  8327 | D:8      | Learned a level 1 spell: Apportation
  8329 | D:8      | Learned a level 1 spell: Confusing Touch
  8333 | D:8      | Learned a level 3 spell: Confuse
  8612 | D:9      | Found Xiteotant's Food Emporium.
  8618 | D:9      | Noticed Psyche
  8623 | D:9      | Killed Psyche
  8732 | D:9      | Found Opuwygo's Gadget Shoppe.
  8760 | D:9      | Reached skill level 1 in Hexes
  8902 | D:9      | Found Oskanlae's Weapon Emporium.
  8925 | D:9      | Found Jit Emaysikh's Jewellery Shoppe.
  9155 | D:9      | Found a hazy altar of Hepliaklqana.
  9282 | D:10     | Entered Level 10 of the Dungeon
  9447 | D:10     | Found a glowing golden altar of the Shining One.
  9447 | D:10     | Noticed an angel
  9448 | D:10     | Found a runed door.
  9516 | D:10     | Noticed a gargoyle
  9523 | D:10     | Killed a gargoyle
  9540 | D:10     | Noticed Erolcha
  9543 | D:10     | Paralysed by Erolcha for 4 turns
  9555 | D:10     | Paralysed by Erolcha for 3 turns
  9558 | D:10     | Killed Erolcha
  9590 | D:10     | Got a heavy robe
  9601 | D:10     | Identified the +1 robe of Noon {-Cast +Blink rF+ rN+} (You
                  | found it on level 10 of the Dungeon)
  9825 | D:10     | Found a staircase to the Orcish Mines.
 10175 | D:11     | Found a staircase to the Lair.
 10579 | D:11     | Identified a scroll of acquirement
 10580 | D:11     | Found the +3 warlock's mirror {reflect}
 10588 | D:11     | Noticed a cyclops
 10594 | D:11     | Killed a cyclops
 10594 | D:11     | Gained mutation: When seriously injured, your bleeding
                  | wounds create armour. (AC +9) [demonic ancestry]
 10594 | D:11     | Reached XP level 11. HP: 80/86 MP: 17/17
 10609 | D:11     | Noticed a brown ugly thing
 10626 | D:11     | Killed a brown ugly thing
 11021 | D:11     | Noticed a two-headed ogre
 11028 | D:11     | Killed a two-headed ogre
 11477 | D:12     | Noticed a two-headed ogre
 11485 | D:12     | Killed a two-headed ogre
 11656 | D:12     | Noticed a two-headed ogre
 11660 | D:12     | Noticed a seven-headed hydra
 11661 | D:12     | Killed a two-headed ogre
 11667 | D:12     | Killed a two-headed hydra
 11970 | D:12     | Noticed Urug
 11994 | D:12     | Killed Urug
 12001 | D:12     | Reached skill level 5 in Polearms
 12001 | D:12     | Reached skill level 5 in Spellcasting
 12149 | D:12     | Reached skill level 1 in Shields
 12185 | D:12     | Noticed Gastronok
 12189 | D:12     | Noticed a two-headed ogre
 12192 | D:12     | Killed Gastronok
 12198 | D:12     | Killed a two-headed ogre
 12524 | D:12     | Reached skill level 5 in Maces & Flails
 12625 | D:13     | Noticed a centaur warrior
 12632 | D:13     | Gained mutation: When seriously injured, your bleeding
                  | wounds create thick armour. (AC +9) [demonic ancestry]
 12632 | D:13     | Reached XP level 12. HP: 79/94 MP: 19/19
 12636 | D:13     | Killed a centaur warrior
 12642 | D:13     | Noticed a centaur warrior
 12663 | D:13     | Killed a centaur warrior
 12719 | D:13     | Noticed Josephine
 12737 | D:13     | Killed Josephine
 13221 | D:13     | Noticed a death knight
 13241 | D:13     | Gained mutation: You resist negative energy. (rN+) [demonic
                  | ancestry]
 13241 | D:13     | Reached XP level 13. HP: 37/101 MP: 10/21
 13591 | D:14     | Got an opalescent robe
 13602 | D:14     | Identified the cursed +1 robe of Creativity {rF- rN++ Int-3
                  | Stlth+} (You found it on level 14 of the Dungeon)
 13680 | D:14     | Reached skill level 5 in Hexes
 13757 | D:14     | Found Lutinle's Assorted Antiques.
 13760 | D:14     | Found a corrupted altar of Lugonu.
 13794 | D:14     | Bought a scroll of enchant armour for 225 gold pieces
 13794 | D:14     | Bought 2 scrolls of enchant weapon for 450 gold pieces
 14106 | D:14     | Reached skill level 10 in Armour
 14329 | D:14     | Found a gate to the Vaults.
 14473 | D:15     | Entered Level 15 of the Dungeon
 14622 | D:15     | Reached XP level 14. HP: 66/108 MP: 14/23
 14652 | D:15     | Found a staircase to the Depths.
 14910 | D:15     | Found a white marble altar of Elyvilon.
 14984 | D:15     | Noticed Agnes
 15004 | D:15     | Killed Agnes
 16177 | Lair:1   | Entered Level 1 of the Lair of Beasts
 16433 | Lair:1   | Found a stormy altar of Qazlal.
 16751 | Lair:2   | Noticed Prince Ribbit
 16757 | Lair:2   | Killed Prince Ribbit
 16889 | Lair:2   | Noticed Gargoyl's ghost (journeyman CeAK)
 17311 | Lair:2   | Found a runed gate.
 17312 | Lair:2   | Found a runed gate.
 17313 | Lair:2   | Found a runed gate.
 17765 | Lair:3   | Found a staircase to the Snake Pit.
 17800 | Lair:3   | Found a transporter.
 18002 | Lair:3   | Noticed Sonja
 18061 | Lair:3   | Cast into level 2 of the Abyss (Sonja)
 18061 | Abyss:2  | Found a corrupted altar of Lugonu.
 18188 | Abyss:2  | Reached skill level 10 in Fighting
 18199 | Abyss:2  | Killed from afar by a raiju

Skill      XL: |  1  2  3  4  5  6  7  8  9 10 11 12 13 14 |
---------------+-------------------------------------------+-----
Throwing       | 2 |  2.5
Dodging        | 3 4 5 6 8 9 |  9.9
Staves         | 3 |  3.7
Fighting       | 3 4 5 6 7 8 9 10 | 10.0
Armour         | 1 2 3 5 6 8 9 10 | 10.9
Spellcasting   | 1 2 3 4 5 6 |  6.9
Slings         | 1 2 |  2.6
Maces & Flails | 1 2 4 5 6 |  6.7
Polearms       | 1 3 4 5 |  5.0
Hexes          | 2 4 5 6 |  6.5
Shields        | 2 7 8 9 |  9.0

Action                   |  1- 3 |  4- 6 |  7- 9 | 10-12 | 13-15 || total
-------------------------+-------+-------+-------+-------+-------++-------
Melee: Quarterstaff      |   112 |   158 |       |       |       ||   270
       Flail             |       |    44 |   117 |       |       ||   161
       Scythe            |       |       |   232 |   370 |       ||   602
       Eveningstar       |       |       |       |   174 |   688 ||   862
  Use: Scroll            |       |     8 |     1 |     9 |    15 ||    33
       Potion            |       |     5 |     3 |     6 |     3 ||    17
 Stab: Distracted        |       |     2 |     1 |     2 |     6 ||    11
       Sleeping          |       |     2 |     2 |     9 |       ||    13
       Petrified         |       |       |       |       |     3 ||     3
       Petrifying        |       |       |       |       |     1 ||     1
  Eat: Chunk             |     2 |     8 |    14 |    18 |    15 ||    57
       Ration            |       |       |       |       |     1 ||     1
Armor: Leather armour    |    36 |     1 |       |       |       ||    37
       Ring mail         |       |    22 |       |       |       ||    22
       Troll leather arm |       |    36 |    48 |       |       ||    84
       Scale mail        |       |       |   200 |   304 |       ||   504
       Crystal plate arm |       |       |       |   227 |   744 ||   971
Dodge: Dodged            |    89 |   144 |   422 |   533 |   265 ||  1453
Block: Buckler           |       |       |       |    95 |   380 ||   475
       Reflection        |       |       |       |    10 |    24 ||    34
